 Dungeon Crawl Stone Soup version 0.23-a0-87-g5f73bc1 (webtiles) character file.

639 Gildeon the Poker (level 7, -2/48 HPs)
             Began as an Octopode Fighter on Aug 14, 2018.
             Slain by a centaur (9 damage)
             ... on level 5 of the Dungeon.
             The game lasted 00:22:31 (4893 turns).

Gildeon the Poker (Octopode Fighter)                Turns: 4893, Time: 00:22:32

Health: -2/48      AC:  1    Str: 16    XL:     7   Next: 51%
Magic:  7/7        EV: 13    Int: 10    God:
Gold:   265        SH:  9    Dex: 13    Spells: 6/6 levels left

rFire    + . .     SeeInvis .   a - +0 trident
rCold    x . .     Gourm    .   b - +0 shield
rNeg     . . .     Faith    .   (helmet restricted)
rPois    .         Spirit   .   m - amulet of magic regeneration
rElec    .         Reflect  .   j - ring of fire
rCorr    .         Harm     .   (no ring)
MR       .....                  (no ring)
Stlth    ++++......             (no ring)
HPRegen  0.16/turn              (no ring)
MPRegen  0.35/turn              (no ring)
                                (no ring)
                                (no ring)

@: no status effects
A: almost no armour, stealthy swim, amphibious, 8 rings, constrict 8, camouflage
1, gelatinous body 1
a: no special abilities


You were on level 5 of the Dungeon.
You were not hungry.

You visited 1 branch of the dungeon, and saw 5 of its levels.
You also visited: Sewer.

You collected 265 gold pieces.

Inventory:

Hand Weapons
 a - a +0 trident (weapon)
 f - a +3 trident
 n - a +0 glaive
Armour
 b - a +0 shield (worn)
Jewellery
 j - a ring of fire (left tentacle)
 m - an amulet of magic regeneration (around mantle)
Scrolls
 e - a scroll of enchant armour {unknown}
 k - 2 scrolls of teleportation
 r - a scroll of amnesia
Potions
 c - a potion of might
 g - 4 potions of brilliance
 h - 6 potions of heal wounds
 i - 5 potions of curing
 l - 3 potions of agility {unknown}
 o - a potion of magic {unknown}
 q - 3 potions of flight {unknown}
Comestibles
 d - 5 rations
 p - a chunk of flesh


   Skills:
 + Level 4.3 Fighting
 * Level 4.9 Polearms
 + Level 4.3 Dodging
 + Level 4.5 Stealth
 + Level 4.3 Shields


You had 6 spell levels left.
You didn't know any spells.
Your spell library was empty.

Dungeon Overview and Level Annotations

Branches:
Dungeon (5/15)
 Temple: D:4-7

Altars:
Gozag
Kikubaaqudgha
Qazlal
Uskayaw


Innate Abilities, Weirdness & Mutations

You cannot wear most types of armour.
You are very stealthy in the water. (Stealth+)
You are amphibious.
You can wear up to eight rings at the same time.
You can use your tentacles to constrict eight enemies at once.
Your skin changes colour to match your surroundings (Stealth+).
Your rubbery body absorbs attacks. (AC +1, EV +1)


Message History

The centaur hits you! The crimson imp hits you. You block the centaur's attack.
There is a stone staircase leading up here.
You hit the centaur but do no damage. The centaur hits you!
The crimson imp blinks!
You hit the centaur.
The centaur is lightly wounded.
You block the centaur's attack. x2
You hit the centaur but do no damage. You squeeze the centaur!
The centaur is heavily wounded.
You block the centaur's attack.
You hit the centaur. Your squeeze misses the centaur.
The centaur is heavily wounded.
You block the centaur's attack. The centaur hits you.
* * * LOW HITPOINT WARNING * * *
You hit the centaur. You squeeze the centaur.
The centaur is severely wounded.
The centaur hits you.
* * * LOW HITPOINT WARNING * * *
The crimson imp blinks!
The centaur hits you!
You die...

"........#
.........+
#........#
#........#
#......(.#
####........#
#..+........#
#######5##........#
........(@c.#######
#######.#.#.#
#.#ยง#.# #.#.#.#
#.#?#.# #.#.#.#
#.#.#.# #...#.#


You could see a centaur and a crimson imp.

Vanquished Creatures
  An ice beast (D:4)
  A bullfrog (D:4)
  A big kobold (Sewer)
  A hound (D:4)
  3 orc wizards
  Jessica (D:2)
  An iguana (D:4)
  A hound skeleton (D:4)
  A worker ant zombie (D:5)
  5 adders
  5 river rats (Sewer)
  2 oozes
  An adder zombie (D:3)
  A worm (D:3)
  A leopard gecko (D:2)
  10 orcs
  3 giant cockroaches
  8 goblins
  6 hobgoblins
  6 jackals
  22 kobolds
  6 ball pythons
  10 bats
  12 frilled lizards
  A leopard gecko skeleton (D:4)
  27 rats
  A withered plant (D:2)
138 creatures vanquished.

Notes
Turn   | Place    | Note
-------+----------+-------------------------------------------
     0 | D:1      | Gildeon the Octopode Fighter began the quest for the Orb.
     0 | D:1      | Reached XP level 1. HP: 16/16 MP: 1/1
    53 | D:1      | Reached XP level 2. HP: 15/21 MP: 2/2
   403 | D:1      | Reached skill level 1 in Stealth
   702 | D:1      | Reached XP level 3. HP: 15/26 MP: 3/3
  1251 | D:2      | Noticed Jessica
  1257 | D:2      | Killed Jessica
  1401 | D:2      | Found an opulent altar of Gozag.
  1418 | D:2      | Reached XP level 4. HP: 31/31 MP: 4/4
  1766 | D:2      | Found an ancient bone altar of Kikubaaqudgha.
  2406 | D:3      | Reached XP level 5. HP: 30/36 MP: 5/5
  3000 | D:3      | Found a hide-covered altar of Uskayaw.
  3023 | D:3      | Found a stormy altar of Qazlal.
  3228 | D:3      | Reached XP level 6. HP: 13/43 MP: 6/6
  3496 | D:4      | Found a glowing drain.
  3520 | Sewer    | Entered a sewer
  4367 | D:4      | Noticed an ice beast
  4379 | D:4      | Killed an ice beast
  4379 | D:4      | Reached XP level 7. HP: 24/48 MP: 7/7
  4872 | D:5      | Entered Level 5 of the Dungeon
  4893 | D:5      | Slain by a centaur

Vault maps used:
D:1:      nzn_arrival_water_spiral
D:2:      kiku_gazebo_garden_becter,
          nicolae_gozag_cash_rules_everything_around_me, uniq_jessica
D:3:      eat_drink_and_be_merry_uskayaw, nicolae_qazlal_eye_of_the_storm,
          mrwooster_statue_mirror
D:4:      first_ration, portal_sewer_entry_b
D:5:      serial_shops, shop, corexii_shack, uniq_sigmund
Sewer:    sewer_minmay_treatment

Skill      XL: |  1  2  3  4  5  6 |
---------------+-------------------+-----
Stealth        | 1 2 3 4 |  4.5
Polearms       | 3 4 |  4.9
Dodging        | 4 |  4.3
Fighting       | 4 |  4.3
Shields        | 4 |  4.3

Action                   |  1- 3 |  4- 6 |  7- 9 || total
-------------------------+-------+-------+-------++-------
Melee: Trident           |    61 |   198 |    28 ||   287
       Constrict         |    10 |    51 |     9 ||    70
       Tentacles         |     6 |    45 |     8 ||    59
  Use: Scroll            |     5 |     7 |       ||    12
       Potion            |       |     2 |       ||     2
 Stab: Sleeping          |     8 |    15 |     1 ||    24
       Distracted        |       |     3 |       ||     3
  Eat: Chunk             |     1 |     3 |       ||     4
       Ration            |     1 |     1 |     1 ||     3
Armor: Skin              |     3 |    10 |     2 ||    15
Dodge: Dodged            |    18 |    81 |    14 ||   113
Block: Shield            |    16 |    72 |    17 ||   105

Table legend:
 A = Non-vault XP
 B = Vault XP
 C = Vault XP percentage of total XP
 D = Non-vault monster count
 E = Vault monster count
 F = Vault count percentage of total count
 G = Total turns spent on level
                 A         B        C        D         E       F
            +---------+---------+-------+---------+---------+-------
      Total |     657 |     257 |  28.1 |      86 |      51 |  37.2
            +---------+---------+-------+---------+---------+-------
        D:1 |      39 |       0 |   0.0 |      25 |       0 |   0.0
        D:2 |      48 |      37 |  43.5 |      21 |       1 |   4.5
        D:3 |     144 |       0 |   0.0 |      20 |       0 |   0.0
        D:4 |     409 |       3 |   0.7 |      19 |       2 |   9.5
        D:5 |      17 |       0 |   0.0 |       1 |       0 |   0.0
      Sewer |       0 |     217 | 100.0 |       0 |      48 | 100.0
            +---------+---------+-------+---------+---------+-------
